[gd_scene load_steps=5 format=2]

[ext_resource path="res://src/Player/Player.gd" type="Script" id=1]
[ext_resource path="res://src/Player/player_ingame.tres" type="SpriteFrames" id=2]
[ext_resource path="res://icon.png" type="Texture" id=3]
[ext_resource path="res://src/Effect/shdadow_12.png" type="Texture" id=4]

[node name="Player" type="KinematicBody2D"]
collision_layer = 2
collision_mask = 7
script = ExtResource( 1 )

[node name="CollisionPolygon2D" type="CollisionPolygon2D" parent="."]
polygon = PoolVector2Array( -3, 0, 0, -2, 3, 0, 0, 2 )

[node name="Camera2D" type="Camera2D" parent="."]
current = true
zoom = Vector2( 0.25, 0.25 )

[node name="LeftHand" type="Node" parent="."]

[node name="RightHand" type="Node" parent="."]

[node name="AnimatedSprite" type="AnimatedSprite" parent="."]
position = Vector2( 0, -16 )
frames = ExtResource( 2 )
animation = "idle"
playing = true

[node name="MuzzleHolder" type="Node2D" parent="."]
position = Vector2( 0, -10 )
scale = Vector2( 1, 0.25 )

[node name="MuzzleRotator" type="Node2D" parent="MuzzleHolder"]

[node name="MuzzleLeft" type="Position2D" parent="MuzzleHolder/MuzzleRotator"]
position = Vector2( 0, -5 )

[node name="Icon" type="Sprite" parent="MuzzleHolder/MuzzleRotator/MuzzleLeft"]
visible = false
scale = Vector2( 0.031, 0.031 )
texture = ExtResource( 3 )

[node name="MuzzleRight" type="Position2D" parent="MuzzleHolder/MuzzleRotator"]
position = Vector2( 0, 5 )

[node name="Icon" type="Sprite" parent="MuzzleHolder/MuzzleRotator/MuzzleRight"]
visible = false
modulate = Color( 1, 0, 0, 1 )
scale = Vector2( 0.031, 0.031 )
texture = ExtResource( 3 )

[node name="Shadow" type="Sprite" parent="."]
z_index = -1
texture = ExtResource( 4 )
offset = Vector2( 0.5, 0 )
